 Dungeon Crawl Stone Soup version 0.20-a0-214-gb74cb0e (webtiles) character file.

2682 Eucla the Carver (level 9, -4/96 HPs)
             Began as an Octopode Berserker on Nov 27, 2016.
             Was a Priest of Trog.
             Slain by a sky beast (6 damage)
             ... on level 6 of the Dungeon.
             The game lasted 00:08:32 (5894 turns).

Eucla the Carver (Octopode Berserker)               Turns: 5894, Time: 00:08:34

Health: -4/96      AC:  1    Str: 21    XL:     9   Next: 64%
Magic:  9/9        EV: 16    Int:  9    God:    Trog [***...]
Gold:   266        SH:  3    Dex: 15    Spells: 8/8 levels left

rFire  . . .     SeeInvis .     s - +0 long sword
rCold  . . .     Gourm    .     r - +0 buckler (curse)
rNeg   . . .     Faith    .     (helmet restricted)
rPois  .         Spirit   .     (no amulet)
rElec  .         Reflect  .     (no ring)
rCorr  .         Harm     .     (no ring)
MR     ++...                    (no ring)
Stlth  ..........               (no ring)
                                (no ring)
                                (no ring)
                                (no ring)
                                (no ring)

@: berserking (expiring), regenerating, drained, very quick
A: almost no armour, stealthy swim, amphibious, 8 rings, constrict 8, camouflage
1, gelatinous body 1
a: Berserk, Trog's Hand, Burn Spellbooks, Renounce Religion


You were on level 6 of the Dungeon.
You worshipped Trog.
Trog was most pleased with you.
You were very hungry.

You visited 1 branch of the dungeon, and saw 6 of its levels.

You collected 266 gold pieces.

Inventory:

Hand Weapons
 a - a +0 falchion
 s - a +0 long sword (weapon)
Armour
 r - a cursed +0 buckler (worn)
Wands
 c - a wand of slowing (7/48)
Scrolls
 f - a scroll of noise
 g - 4 scrolls of identify
 n - a scroll of remove curse {unknown}
 q - a scroll of recharging
 t - a scroll of magic mapping {unknown}
Potions
 d - 2 potions of mutation {unknown}
 e - 2 potions of cancellation
 i - a potion of brilliance {unknown}
 j - a potion of flight {unknown}
 k - 3 potions of agility
 l - 2 potions of ambrosia {unknown}
 o - 2 potions of resistance {unknown}
 p - a potion of curing {unknown}
 w - 2 potions of degeneration {unknown}
Comestibles
 b - 3 bread rations
 v - a meat ration


   Skills:
 + Level 7.0(6.8) Fighting
 * Level 9.7(9.5) Long Blades
 + Level 7.0(6.8) Dodging


You had 8 spell levels left.
You didn't know any spells.

Dungeon Overview and Level Annotations

Branches:
Dungeon (6/15)
 Temple: D:4-7

Altars:
Gozag
Hepliaklqana
Nemelex Xobeh
Okawaru
Sif Muna
The Shining One

Shops:
D:4 }

Annotations:
D:6 Blork the orc, Duvessa


Innate Abilities, Weirdness & Mutations

You cannot wear most types of armour.
You are very stealthy in the water. (Stealth+)
You are amphibious.
You can wear up to eight rings at the same time.
You can use your tentacles to constrict eight enemies at once.
Your skin changes colour to match your surroundings (Stealth+).
Your rubbery body absorbs attacks. (AC +1, EV +1)


Message History

* * * LOW HITPOINT WARNING * * *
Duvessa barely misses you.
You hit Duvessa.
Duvessa is moderately wounded.
You constrict Duvessa, but do no damage.
Something completely misses you. Duvessa hits you with a short sword!
* * * LOW HITPOINT WARNING * * *
Unknown command.
You hit Duvessa. You squeeze Duvessa!
Duvessa is heavily wounded.
You constrict Duvessa, but do no damage.
You block Duvessa's attack.
Unknown command.
You slash Duvessa!
Duvessa is severely wounded.
You constrict Duvessa, but do no damage.
Something hits you.
* * * LOW HITPOINT WARNING * * *
Something shocks you.
You die...

####.###########.## #.#
#..# ####.####### ##.#
.#.........# ##.##
#..........# #...#
.#....)....## #...######
............# #........#
##..........####...####.#
##.............{@.......#
.#.............e..p.......
.#......................##
.#..........##.#....###.#
...##.......##.#...... #
.#####.#.#####.#.$..###
....#.... #.#....#
.......# # $....#
.##.#.##.#


You could see Duvessa (berserk) and a neutral freed slave (wandering).

Vanquished Creatures
  Pikel (D:6)
  Prince Ribbit (D:5)
  Sigmund (D:2)
  The ghost of Ark the Charlatan, an amateur FoAr (D:4)
  A phantom (D:5)
  A sky beast (D:6)
  An ogre (D:4)
  2 centaurs (D:5)
  A bullfrog (D:6)
  Dowan (D:6)
  2 scorpions
  5 killer bees (D:3)
  4 wights (D:6)
  A crimson imp (D:6)
  2 jellies
  2 hounds (D:6)
  A centaur skeleton (D:3)
  An orc priest (D:4)
  A gnoll shaman (D:4)
  3 orc wizards
  2 iguanas
  4 worker ants
  Natasha (thrice) (D:2 D:4)
  A hound skeleton (D:4)
  5 adders
  8 gnolls
  An ooze (D:3)
  3 worms
  3 dart slugs
  4 leopard geckos
  10 orcs
  2 giant cockroaches (D:5)
  11 goblins
  8 hobgoblins
  3 jackals (D:1)
  2 quokkas (D:4)
  2 ball pythons (D:1)
  6 bats
  3 frilled lizards (D:1)
  10 kobolds
  6 rats
130 creatures vanquished.

Vanquished Creatures (others)
  2 slaves (D:6)
  2 jackals (D:6)
4 creatures vanquished.

Grand Total: 134 creatures vanquished

Notes
Turn   | Place    | Note
-------+----------+-------------------------------------------
     0 | D:1      | Eucla the Octopode Berserker began the quest for the Orb.
     0 | D:1      | Reached XP level 1. HP: 16/16 MP: 1/1
   219 | D:1      | Reached XP level 2. HP: 11/21 MP: 2/2
   730 | D:1      | Reached XP level 3. HP: 25/26 MP: 3/3
   956 | D:1      | Reached ** piety under Trog
  1090 | D:2      | Noticed Sigmund
  1100 | D:2      | Killed Sigmund
  1100 | D:2      | Reached skill level 4 in Long Blades
  1100 | D:2      | Reached XP level 4. HP: 30/33 MP: 4/4
  1100 | D:2      | Reached XP level 5. HP: 34/37 MP: 5/5
  1106 | D:2      | Noticed Natasha
  1149 | D:2      | Killed Natasha
  1335 | D:2      | Reached skill level 5 in Long Blades
  1504 | D:2      | Noticed Natasha
  1513 | D:2      | Killed Natasha
  1513 | D:2      | Reached XP level 6. HP: 5/43 MP: 6/6
  1929 | D:3      | HP: 1/44 [leopard gecko (4)]
  2177 | D:3      | Found a sparkling altar of Nemelex Xobeh.
  2194 | D:3      | Reached XP level 7. HP: 44/49 MP: 7/7
  2260 | D:3      | Found a glowing golden altar of the Shining One.
  2294 | D:3      | Reached skill level 6 in Long Blades
  2546 | D:3      | Reached *** piety under Trog
  2574 | D:3      | Found a hazy altar of Hepliaklqana.
  2884 | D:4      | Noticed Natasha
  2891 | D:4      | Received a gift from Trog
  2893 | D:4      | Killed Natasha
  2955 | D:4      | Noticed Ark's ghost (amateur FoAr)
  2960 | D:4      | Reached skill level 5 in Fighting
  2963 | D:4      | Killed Ark's ghost
  2963 | D:4      | Reached skill level 5 in Dodging
  3200 | D:4      | Reached XP level 8. HP: 55/55 MP: 8/8
  3204 | D:4      | Reached skill level 7 in Long Blades
  3932 | D:4      | Found Xisuxt's Gadget Boutique.
  3955 | D:5      | Entered Level 5 of the Dungeon
  3955 | D:5      | Noticed Prince Ribbit
  4028 | D:5      | Killed Prince Ribbit
  4241 | D:5      | Reached skill level 8 in Long Blades
  4817 | D:5      | Reached XP level 9. HP: 5/62 MP: 9/9
  5116 | D:5      | Found an opulent altar of Gozag.
  5116 | D:5      | Found an iron altar of Okawaru.
  5422 | D:6      | Noticed Pikel
  5430 | D:6      | Killed Pikel
  5430 | D:6      | Reached skill level 9 in Long Blades
  5445 | D:6      | Found a deep blue altar of Sif Muna.
  5520 | D:6      | Reached **** piety under Trog
  5525 | D:6      | Noticed Blork the orc
  5597 | D:6      | Noticed Dowan
  5881 | D:6      | Noticed Duvessa
  5889 | D:6      | Killed Dowan
  5892 | D:6      | HP: 3/96 [Duvessa/short sword (9)]
  5894 | D:6      | Slain by a sky beast

Vault maps used:
D:1:      dpeg_arrival_court
D:2:      first_bread, uniq_natasha, uniq_sigmund
D:3:      old_standard_altar, lemuel_crystal_altar,
          nicolae_tso_swordbearing_angel
D:4:      serial_shops, nicolae_shop_waterfront
D:5:      gammafunk_temple_overflow_statue, uniq_prince_ribbit1
D:6:      lemuel_crystal_altar, uniq_blork_the_orc, uniq_pikel, uniq_duvessa

Skill      XL: |  1  2  3  4  5  6  7  8  9 |
---------------+----------------------------+-----
Long Blades    | 4 5 6 8 9 |  9.7
Dodging        | 4 5 6 7 |  7.0
Fighting       | 4 5 6 7 |  7.0

Action                   |  1- 3 |  4- 6 |  7- 9 || total
-------------------------+-------+-------+-------++-------
Melee: Falchion          |    50 |    36 |   180 ||   266
       Constrict         |    17 |    12 |    58 ||    87
       Tentacles         |     9 |     9 |    68 ||    86
       Long sword        |       |       |    51 ||    51
Invok: Berserk           |     1 |     2 |     8 ||    11
       Trog's Hand       |       |     1 |     2 ||     3
  Use: Potion            |       |     3 |     1 ||     4
       Scroll            |       |       |     4 ||     4
 Stab: Sleeping          |     5 |     1 |     9 ||    15
  Eat: Chunk             |       |     1 |     5 ||     6
       Royal jelly       |       |     1 |       ||     1
       Pizza             |       |     2 |     1 ||     3
       Bread ration      |       |     1 |       ||     1
       Meat ration       |       |       |     1 ||     1
       Fruit             |       |       |     3 ||     3
       Beef jerky        |       |       |     1 ||     1
Armor: Skin              |     3 |       |     7 ||    10
Dodge: Dodged            |    38 |    34 |   130 ||   202
Block: Buckler           |       |       |    12 ||    12
       Rpst.: Falchion   |    10 |    15 |    28 ||    53
       Long sword        |       |       |     7 ||     7
